 Dungeon Crawl Stone Soup version 0.31-a0-1074-g0b22e4e0f1 (webtiles) character file.

Game seed: 10669682289348710541

433732 Pooter the Executioner (level 22, -13/322 HPs)
             Began as a Minotaur Berserker on Dec 4, 2023.
             Was the Champion of Trog.
             Mangled by a spriggan berserker
             ... wielding a +0 antimagic war axe
              (32 damage)
             ... on level 4 of the Depths on Dec 6, 2023.
             The game lasted 04:51:22 (81610 turns).

Pooter the Executioner (Minotaur Berserker)        Turns: 81610, Time: 04:51:23

Health: -13/322    AC: 38    Str: 29    XL:     22   Next: 89%
Magic:  21/21      EV: 15    Int:  6    God:    Trog [******]
Gold:   3023       SH:  0    Dex: 21    Spells: 21/21 levels left

rFire   + + .        a - +8 frozen axe "Frostbite" {freeze, freezing cloud, *Noise Fly rC+}
rCold   + + +        (shield currently unavailable)
rNeg    . . .        h - +9 scales of the Dragon King {rPois rF+ rC+ Will+}
rPois   +            (helmet unavailable)
rElec   .            H - scarf {repulsion}
rCorr   .            p - +2 pair of gloves "Woren" {rF+ rC- Dex+3}
SInv    +            T - +2 pair of boots {rampage}
Will    +++++        y - amulet "Zisyneuf" {rPois Will+ Regen+} Stlth
                     I - ring "Vieroac" {+Blink rPois rC++ Dex+6 SInv}
HPRegen 1.53/turn    D - ring "Nahovin" {Fly rC++ Int-2 Dex+2 Slay+2}
MPRegen 0.17/turn

%: repel missiles, rampage
@: berserking (expiring), flying, studying Long Blades, very quick
A: horns 3, retaliatory headbutt, deterioration 1, strong-willed 2
}: 2/15 runes: decaying, serpentine
a: Renounce Religion, Evoke Blink, Berserk, Trog's Hand, Brothers in Arms


You were on level 4 of the Depths.
You worshipped Trog.
Trog was exalted by your worship.
You visited 9 branches of the dungeon, and saw 42 of its levels.
You visited the Abyss 1 time.
You also visited: Bailey and Ice Cave.

You collected 4571 gold pieces.
You spent 1548 gold pieces at shops.

Inventory:

Hand Weapons
 a - the +8 frozen axe "Frostbite" (weapon) {freeze, freezing cloud, *Noise Fly rC+}
   (You took it off an orc on level 12 of the Dungeon)

   rC+:       It protects you from cold.
   Fly:       It grants you flight.
   *Noise:    It may make a loud noise when swung.
 b - the +6 arbalest "Damnation" {damnation}
   (You took it off a deep elf archer on level 3 of the Elven Halls)
 m - a +2 heavy battleaxe
   (You subdued it on level 2 of the Elven Halls)
 n - a +0 heavy dire flail
   (You took it off a naga on level 2 of the Lair of Beasts)
Missiles
 d - 21 boomerangs (quivered)
 i - 3 silver javelins
 J - 2 curare-tipped darts
 R - 4 javelins
Armour
 h - the +9 scales of the Dragon King (worn) {rPois rF+ rC+ Will+}
   (You found it on level 1 of the Depths)

   rF+:       It protects you from fire.
   rC+:       It protects you from cold.
   rPois:     It protects you from poison Will+: It increases your willpower.
 p - the +2 pair of gloves "Woren" (worn) {rF+ rC- Dex+3}
   (You took it off Nikola on level 2 of the Vaults)

   Dex+3:     It affects your dexterity (+3).
   rF+:       It protects you from fire.
   rC-:       It makes you vulnerable to cold.
 A - a +6 plate armour of fire resistance
   (You took it off an orc knight on level 2 of the Orcish Mines)
 H - a scarf of repulsion (worn)
   (You found it on level 12 of the Dungeon)
 T - a +2 pair of boots of rampaging (worn)
   (You found it on level 3 of the Elven Halls)
 X - a +2 pair of gloves of strength
   (You found it on level 5 of the Lair of Beasts)
Jewellery
 e - an amulet of reflection
   (You found it on level 1 of the Dungeon)
 y - the amulet "Zisyneuf" (around neck) {rPois Will+ Regen+}
   (You acquired it in a bailey)

   [amulet of regeneration]

   rPois:     It protects you from poison Will+: It increases your willpower.
   Regen+:    It increases your rate of health regeneration.
 C - a ring of resist corrosion
   (You found it on level 1 of the Snake Pit)
 D - the ring "Nahovin" (right hand) {Fly rC++ Int-2 Dex+2 Slay+2}
   (You acquired it on level 1 of the Elven Halls)

   [ring of flight]

   Int-2:     It affects your intelligence (-2).
   Dex+2:     It affects your dexterity (+2).
   Slay+2:    It affects your accuracy & damage with ranged weapons and melee
   (+2).
   rC++:      It greatly protects you from cold.
   Fly:       It grants you flight.
 F - the ring "Hadgh" {rF+ Str+7}
   (You found it on level 4 of the Snake Pit)

   [ring of protection from fire]

   Str+7:     It affects your strength (+7).
   rF+:       It protects you from fire.
 I - the ring "Vieroac" (left hand) {+Blink rPois rC++ Dex+6 SInv}
   (You found it in an ice cave)

   [ring of dexterity]

   Dex+6:     It affects your dexterity (+6).
   rC++:      It greatly protects you from cold.
   rPois:     It protects you from poison SInv: It lets you see invisible.
   +Blink:    It lets you blink.
 N - a ring of positive energy
   (You took it off Erica on level 9 of the Dungeon)
 P - a ring of protection from cold
   (You took it off an orc on level 3 of the Dungeon)
Wands
 f - a wand of flame (51)
   (You found it on level 13 of the Dungeon)
 u - a wand of paralysis (52)
   (You found it on level 7 of the Dungeon)
 v - a wand of digging (10)
   (You found it in an ice cave)
 E - a wand of polymorph (28)
   (You found it on level 10 of the Dungeon)
 L - a wand of light (15)
   (You found it in an ice cave)
 M - a wand of mindburst (34)
   (You found it on level 1 of the Lair of Beasts)
 S - a wand of roots (37)
   (You took it off Maurice on level 9 of the Dungeon)
Scrolls
 o - 3 scrolls of silence
 t - 13 scrolls of teleportation {@r4}
 x - 6 scrolls of immolation {!r}
 B - 5 scrolls of poison
 G - 2 scrolls of blinking
 K - 10 scrolls of fear
 Q - a scroll of fog
 U - 2 scrolls of revelation
 Z - 2 scrolls of summoning
Potions
 c - 20 potions of curing {@q1}
 g - 9 potions of lignification {!q}
 j - 4 potions of resistance
 k - 10 potions of haste {@q3}
 l - 4 potions of attraction {!q}
 q - 5 potions of cancellation
 r - 7 potions of might
 s - a potion of invisibility
 z - 9 potions of heal wounds {@q2}
 O - 4 potions of enlightenment
 V - 2 potions of mutation {!q}
Miscellaneous
 w - a tin of tremorstones (2/2)
   (You found it on level 2 of the Lair of Beasts)
 W - a phantom mirror
   (You found it on level 4 of the Snake Pit)


   Skills:
 + Level 21.9 Fighting
 - Level 5.7 Long Blades
 - Level 24.0 Axes
 - Level 20.0 Ranged Weapons
 - Level 9.3 Throwing
 * Level 18.8 Armour
 + Level 13.8 Dodging
 + Level 9.9 Stealth
 - Level 9.3 Shields
 - Level 10.4 Evocations


You had 21 spell levels left.
You didn't know any spells.
Your spell library was empty.

Dungeon Overview and Level Annotations

Branches:
Dungeon (15/15) Zot: 25607  Temple (0/1) D:6            Lair (5/5) D:10 Zot: 23419
  Swamp (4/4) Lair:2 Zot: 12751   Snake (4/4) Lair:2 Zot: 6160   Slime (0/5) Lair:5
    Orc (2/2) D:12 Zot: 9470     Elf (3/3) Orc:2 Zot: 7356  Vaults (4/5) D:14 Zot: 15028
  Crypt (0/3) Vaults:2     Depths (4/4) D:15 Zot: 18311    Hell (visited)
 Bailey (visited)           IceCv (visited)
    Dis: Hell:1         Geh: Hell:1         Coc: Hell:1         Tar: Hell:1
    Zot: Depths:4

Altars:
Qazlal
Sif Muna
Trog
Uskayaw
Vehumet
Wu Jian
Yredelemnul

Shops:
D:5 [   D:10 ?   Orc:2 !:*(   Elf:3 ?   Vaults:1 [   Vaults:2 (   Depths:2 :

Portals:
Hell: Depths:1 Depths:2 Depths:3
Abyss: Depths:2 Depths:3
Pandemonium: Depths:2 Depths:3

Annotations:
Elf:2 3 runed translucent doors
Depths:2 2 transporters
Depths:3 1 runed translucent door
Hell Geryon


Innate Abilities, Weirdness & Mutations

You have a pair of large horns on your head.
You reflexively headbutt those who attack you in melee.
Your body sometimes deteriorates upon taking damage.
You are highly strong-willed. (Will++)


Message History

You slash the fire dragon! You freeze the fire dragon!
You closely miss the fire dragon.
The spriggan air mage casts a spell at you.
The bolt of lightning hits you!!
* * * LOW HITPOINT WARNING * * *
The fire dragon bites you but does no damage.
The fire dragon claws you but does no damage.
The fire dragon tramples you but does no damage.
The ice dragon breathes frost at you. The blast of cold hits you! You resist.
* * * LOW HITPOINT WARNING * * *
The fire dragon breathes flames at you. The blast of flame hits you.
You resist.
* * * LOW HITPOINT WARNING * * *
You hear a sizzling sound!
You hear a shout! x3; You hear a roar!
You hear a deafening roar!
You hear a shout!
You hear a deafening roar!
You cut the fire dragon into ribbons!!! You freeze the fire dragon!
You kill the fire dragon!
Trog accepts your kill.
The fire dragon scales are intact enough to wear.
You slice the fire dragon!! You freeze the fire dragon!
You carve the spark wasp like a ham!!! You freeze the spark wasp.
You hit the spark wasp. You freeze the spark wasp. You slice the fire dragon!!
You freeze the fire dragon. You hit the spark wasp. You freeze the spark wasp.
You miss the spark wasp.
You slice the fire dragon like a ripe choko!!!
You freeze the fire dragon!
You kill the fire dragon!
Trog accepts your kill.
The spark wasp stings you but does no damage.
The spark wasp stings you!
* * * LOW HITPOINT WARNING * * *
The spark wasp shocks you!
* * * LOW HITPOINT WARNING * * *
The spriggan berserker utters an invocation to Trog.
The spriggan berserker goes berserk!
An ice dragon comes into view.
You slice the spark wasp!! You freeze the spark wasp!
You kill the spark wasp!
Trog accepts your kill.
You hit the spark wasp. You freeze the spark wasp. The spark wasp stings you!
* * * LOW HITPOINT WARNING * * *
The spark wasp shocks you!
* * * LOW HITPOINT WARNING * * *
You completely miss the spark wasp.
You slice the spriggan berserker like a ripe choko!!!
You freeze the spriggan berserker.
A black draconian comes into view. It is wielding a +0 halberd.
The spriggan berserker hits you with a +0 antimagic war axe!!
You die...

....d............
.................
.(...............
.................
.................
.................
........C☼.....D.
........i@..i...$
........y[.......
.................
............D....
.................
.................
.................
.................
................


You could see a black draconian, a fire giant, 2 ice dragons, a spark wasp, a
spriggan berserker (berserk, regenerating, strong-willed) and a spriggan air
mage (repels missiles).

Vanquished Creatures
  Mara (Snake:3)
  3 juggernauts (Depths:2)
  Vashnia (Snake:4)
  3 golden dragons (Depths:3)
  Nikola (Vaults:2)
  A bone dragon (Abyss:2)
  Jorgrun (D:12)
  A walking crystal tome (Depths:2)
  2 walking earthen tomes (Depths:2)
  2 tentacled monstrosities
  The ghost of Vuushr Kima the Dealer of Despair, an adept DsNe of Kikubaaqudgha (Snake:4)
  A titan (Depths:2)
  3 deep elf blademasters (Elf:3)
  A quicksilver dragon (Depths:3)
  3 deep elf master archers (Elf:3)
  3 sphinxes
  3 thorn hunters (Swamp:4)
  4 tengu reavers
  Kirke (Swamp:4)
  An ancient champion (Vaults:2)
  3 shadow dragons
  A storm dragon (Depths:2)
  The ghost of olddryhag the Myrmidon, an adept DsGl of Okawaru (Swamp:3)
  Aizul (Snake:3)
  4 fenstrider witches
  11 nagarajas
  8 fire giants
  8 deep elf sorcerers
  9 frost giants
  4 iron dragons
  12 vault wardens
  A balrug (Depths:3)
  A draconian scorcher (Abyss:2)
  4 deep elf elementalists (Elf:3)
  7 stone giants
  10 very ugly things
  3 ghouls (Swamp:4)
  4 orc warlords
  2 war gargoyles
  2 spriggan defenders
  20 ironbound preservers
  4 formless jellyfish
  Nessos (D:12)
  A black draconian (Depths:4)
  11 deep elf annihilators
  9 ironbound thunderhulks
  8 dire elephants
  3 vampire knights
  6 deep elf demonologists
  4 eleionomae
  The ghost of MrSquiggles the Jinx, a journeyman DsEn of Ashenzari (Lair:2)
  6 spark wasps
  5 bunyips
  3 blizzard demons
  A green death (Swamp:4)
  An eidolon (Vaults:2)
  7 fire dragons
  4 deep elf high priests
  4 deep elf death magi
  4 ettins
  3 shambling mangroves (Swamp:4)
  4 great orbs of eyes
  3 rakshasas
  7 yaktaur captains
  Erolcha (D:10)
  8 hydras
  Erica (D:9)
  8 vault guards
  A caustic shrike simulacrum (IceCv)
  A peacekeeper (Vaults:4)
  3 salamander tyrants
  10 alligators
  4 spriggan air magi
  2 ghost crabs
  2 ogre magi
  3 anacondas
  9 ice dragons
  9 centaur warriors
  7 two-headed ogres
  6 ironbound frosthearts
  2 catoblepae
  7 tengu warriors
  4 deep troll shamans
  A deep troll earth mage (Depths:4)
  3 hell hogs
  21 naga sharpshooters
  6 boulder beetles
  18 dancing weapons
  3 death yaks (Lair:4)
  A demonic crawler (Abyss:2)
  10 naga warriors
  A vampire mage (Depths:1)
  4 occultists
  3 orc high priests (Orc:2)
  Urug (D:14)
  6 spriggan berserkers
  6 shock serpents
  4 hell knights
  The ghost of wally255 the Cleaver, a novice MiFi of Cheibriados (D:7)
  3 soul eaters
  15 spriggans
  6 sun demons
  5 deep elf knights
  3 iron trolls
  5 goliath frogs
  6 skysharks
  A deep troll (shapeshifter) (Elf:1)
  3 sixfirhies
  2 salamander mystics
  5 spriggan druids
  3 glowing orange brains
  A flayed ghost (Depths:2)
  57 deep trolls
  10 arcanists
  2 death drakes (Swamp:4)
  7 bog bodies
  An obsidian statue (IceCv)
  19 ironbound convokers
  3 phantasmal warriors
  3 swamp dragons
  20 lindwurms
  2 starcursed masses (Abyss:2)
  Pikel (D:9)
  An anaconda skeleton (Hell)
  4 naga ritualists
  4 spriggan simulacra (IceCv)
  9 deep elf archers
  9 orc knights
  4 necromancers
  A human zombie (Vaults:2)
  8 orc sorcerers
  29 deep elf pyromancers
  7 harpies
  36 ugly things
  18 deep elf zephyrmancers
  10 salamanders
  A harpy (shapeshifter) (D:14)
  5 mana vipers
  12 manticores
  5 will-o-the-wisps
  Maurice (D:9)
  A worldbinder (Abyss:2)
  6 large abominations (Abyss:2)
  5 cyclopes
  A black mamba (shapeshifter) (D:15)
  26 black mambas
  3 moths of wrath
  22 vault sentinels
  11 elephants
  7 guardian serpents
  2 rust devils
  6 naga magi
  A stone giant skeleton (Vaults:2)
  22 cane toads
  2 unseen horrors
  A kobold demonologist (D:10)
  An orange demon (Swamp:4)
  3 rime drakes
  2 gargoyles
  3 tengu conjurers
  5 freezing wraiths
  4 ice devils (IceCv)
  31 yaktaurs
  7 komodo dragons
  An ancient zyme (Abyss:2)
  5 trolls
  2 efreet
  A hydra zombie (Hell)
  4 anaconda simulacra (IceCv)
  2 bloated husks
  A polar bear (Lair:4)
  3 meliai (D:14)
  A meliai (shapeshifter) (D:13)
  A tarantella (shapeshifter) (Depths:2)
  2 alligator simulacra (IceCv)
  10 hornets
  2 glass eyes (Depths:3)
  24 blink frogs
  7 tyrant leeches
  A deep troll zombie (Vaults:2)
  34 slime creatures
  3 water elementals
  3 air elementals (Elf:1)
  A shadow (D:11)
  2 small abominations (Abyss:2)
  2 ettin skeletons (Vaults:2)
  2 dire elephant simulacra (IceCv)
  2 wyverns
  A wraith (D:13)
  2 vampires
  42 yaks
  A spriggan (shapeshifter) (D:11)
  An elf zombie (Vaults:2)
  4 basilisks
  2 fire elementals
  5 hogs (Swamp:4)
  16 humans (D:14)
  12 vampire mosquitoes
  3 steam dragons
  15 minotaur simulacra (IceCv)
  5 chaos spawn
  Grum (D:9)
  2 sea snake simulacra (Hell)
  A neqoxec (Swamp:4)
  2 wargs
  12 swamp worms
  30 nagas
  An acid dragon (D:12)
  9 water moccasins
  2 hell hounds (Elf:2)
  33 orc warriors
  A sky beast (D:6)
  Duvessa (D:6)
  An ettin simulacrum (IceCv)
  5 ice beasts
  2 black bears
  3 swamp drakes (Swamp:1)
  3 centaurs
  A tengu (D:11)
  10 ogres
  4 lemures (D:8)
  14 wolves
  2 human skeletons (Vaults:2)
  2 boggarts (Elf:3)
  2 phantoms
  A necrophage (Swamp:4)
  4 kobold brigands
  12 bullfrogs
  5 scorpions
  A scorpion (shapeshifter) (Vaults:4)
  3 gnoll sergeants
  7 deep troll simulacra (IceCv)
  An earth elemental (Elf:3)
  6 wights
  Dowan (D:6)
  3 lindwurm simulacra (IceCv)
  3 killer bees (D:8)
  7 howler monkeys
  An electric eel (Lair:5)
  A lava snake (D:8)
  A quasit (Abyss:2)
  An iron imp (Abyss:2)
  2 jellies
  4 hounds
  15 orc priests
  3 sleepcaps
  Terence (D:3)
  An iguana (D:5)
  13 orc wizards
  16 gnolls
  5 adders
  A shadow imp (D:5)
  3 white imps
  4 worms
  4 dart slugs
  70 orcs
  4 ball pythons
  8 bats
  7 endoplasms
  A giant cockroach (D:1)
  27 goblins
  19 hobgoblins
  5 quokkas
  3 frilled lizards
  25 kobolds
  9 rats
  A butterfly (Lair:4)
1627 creatures vanquished.

Vanquished Creatures (collateral kills)
  The ghost of IdlyInterested the Mimic, a journeyman DsSh (D:12)
  3 orc warriors (D:12)
4 creatures vanquished.

Vanquished Creatures (others)
  A bloated husk (Swamp:1)
  7 foxfires
8 creatures vanquished.

Grand Total: 1639 creatures vanquished

Notes
Turn   | Place    | Note
-------+----------+-------------------------------------------
     0 | D:1      | Pooter the Minotaur Berserker began the quest for the Orb.
     0 | D:1      | Reached XP level 1. HP: 19/19 MP: 0/0
    78 | D:1      | Reached skill level 4 in Axes
    78 | D:1      | Reached XP level 2. HP: 27/27 MP: 1/1
   305 | D:1      | Reached skill level 1 in Ranged Weapons
   570 | D:1      | Reached ** piety under Trog
   608 | D:1      | Reached XP level 3. HP: 33/33 MP: 2/2
  1151 | D:2      | Reached skill level 5 in Axes
  1151 | D:2      | Reached XP level 4. HP: 34/40 MP: 1/3
  1757 | D:3      | Reached XP level 5. HP: 47/47 MP: 4/4
  1964 | D:3      | Reached skill level 6 in Axes
  2268 | D:3      | Noticed Terence
  2272 | D:3      | Killed Terence
  2272 | D:3      | Reached *** piety under Trog
  2273 | D:3      | Reached skill level 5 in Fighting
  2419 | D:4      | Noticed a phantom
  2425 | D:4      | Killed a phantom
  2426 | D:4      | Reached XP level 6. HP: 48/56 MP: 3/5
  2666 | D:4      | Reached skill level 7 in Axes
  2742 | D:4      | Reached XP level 7. HP: 60/62 MP: 6/6
  3412 | D:5      | Entered Level 5 of the Dungeon
  3543 | D:5      | Identified the +3 leather armour of Hyawneef {Dex+2}
  3584 | D:5      | Reached skill level 8 in Axes
  3689 | D:5      | Found Zukaag's Antique Armour Boutique.
  4151 | D:6      | Reached XP level 8. HP: 64/71 MP: 4/7
  4210 | D:6      | Reached skill level 5 in Ranged Weapons
  4285 | D:6      | Reached skill level 9 in Axes
  4590 | D:6      | Reached **** piety under Trog
  4669 | D:6      | Reached skill level 10 in Axes
  4799 | D:6      | Noticed Dowan
  4807 | D:6      | Noticed Duvessa
  4812 | D:6      | Killed Duvessa
  4820 | D:6      | Killed Dowan
  4887 | D:6      | Found a staircase to the Ecumenical Temple.
  5331 | D:7      | Found a flagged portal.
  5355 | Bailey   | Entered a bailey
  5392 | Bailey   | Reached XP level 9. HP: 81/81 MP: 8/8
  5552 | Bailey   | Reached skill level 11 in Axes
  5569 | Bailey   | Noticed an orc warlord
  5720 | Bailey   | Killed an orc warlord
  5721 | Bailey   | Reached skill level 12 in Axes
  5831 | Bailey   | Acquired the amulet "Zisyneuf" {rPois Will+ Regen+}
  6143 | D:7      | Found a runed translucent door.
  6150 | D:7      | Noticed wally255's ghost (novice MiFi)
  6150 | D:7      | Noticed a deep elf pyromancer
  6164 | D:7      | Reached XP level 10. HP: 88/91 MP: 9/9
  7351 | D:8      | Reached skill level 13 in Axes
  7451 | D:8      | Found a basalt altar of Yredelemnul.
  7564 | D:8      | Found a shimmering blue altar of Sif Muna.
  7564 | D:8      | Found an ornate altar of the Wu Jian Council.
  7721 | D:8      | Reached skill level 10 in Fighting
  8010 | D:9      | Noticed Grum
  8025 | D:9      | Killed Grum
  8190 | D:9      | Noticed Pikel
  8201 | D:9      | Killed Pikel
  8367 | D:9      | Reached skill level 14 in Axes
  8476 | D:9      | Noticed Maurice
  8487 | D:9      | Killed Maurice
  8488 | D:9      | Noticed Erica
  8511 | D:9      | Killed Erica
  9103 | D:9      | Reached skill level 1 in Long Blades
  9103 | D:9      | Reached XP level 11. HP: 101/101 MP: 10/10
  9291 | D:10     | Entered Level 10 of the Dungeon
  9329 | D:10     | Found a staircase to the Lair.
  9370 | D:10     | Noticed Erolcha
  9386 | D:10     | Killed Erolcha
  9417 | D:10     | Noticed a two-headed ogre
  9425 | D:10     | Killed a two-headed ogre
  9426 | D:10     | Reached skill level 15 in Axes
  9556 | D:10     | Found Ihuisira's Magic Scroll Emporium.
  9562 | D:10     | Bought a scroll of identify for 26 gold pieces
  9562 | D:10     | Bought a scroll of teleportation for 39 gold pieces
  9562 | D:10     | Bought a scroll of blinking for 97 gold pieces
  9562 | D:10     | Bought a scroll of fog for 52 gold pieces
  9562 | D:10     | Bought a scroll of blinking for 97 gold pieces
  9562 | D:10     | Bought a scroll of blinking for 97 gold pieces
  9719 | D:10     | Reached skill level 1 in Evocations
  9806 | D:10     | Noticed a soul eater
  9808 | D:10     | Noticed a sun demon
 10144 | Lair:1   | Entered Level 1 of the Lair of Beasts
 10161 | Lair:1   | Reached skill level 5 in Long Blades
 10183 | Lair:1   | Reached skill level 1 in Shields
 10986 | Lair:1   | Reached skill level 10 in Ranged Weapons
 11090 | Lair:2   | Found a runed translucent door.
 11096 | Lair:2   | Noticed MrSquiggles's ghost (journeyman DsEn)
 11115 | Lair:2   | Killed MrSquiggles's ghost
 11529 | Lair:2   | Noticed a bog body
 11536 | Lair:2   | Noticed a bog body
 11546 | Lair:1   | Killed a bog body
 11600 | Lair:2   | Killed a bog body
 11601 | Lair:2   | Reached skill level 16 in Axes
 11601 | Lair:2   | Reached XP level 12. HP: 112/112 MP: 11/11
 11625 | Lair:2   | Noticed a four-headed hydra
 11668 | Lair:2   | Killed a four-headed hydra
 11712 | Lair:2   | Found a staircase to the Swamp.
 11814 | Lair:2   | You fall into a shaft and drop 2 floors!
 11967 | Lair:4   | Noticed a death yak
 11968 | Lair:4   | Noticed a death yak
 11968 | Lair:4   | Noticed a death yak
 11988 | Lair:4   | Killed a death yak
 11989 | Lair:4   | Reached skill level 5 in Shields
 11990 | Lair:4   | Killed a death yak
 11994 | Lair:4   | Killed a death yak
 12075 | Lair:3   | Reached skill level 17 in Axes
 12382 | Lair:2   | Found a staircase to the Snake Pit.
 13037 | Lair:3   | Reached XP level 13. HP: 100/119 MP: 12/12
 13109 | Lair:3   | Identified the +3 chain mail of Quiet Fog {Dex+8}
 13285 | Lair:3   | Reached skill level 5 in Evocations
 14446 | Lair:5   | Entered Level 5 of the Lair of Beasts
 14465 | Lair:5   | Reached skill level 1 in Throwing
 14597 | Lair:5   | Reached skill level 18 in Axes
 14794 | Lair:5   | Found a staircase to the Slime Pits.
 15222 | Lair:5   | Reached ***** piety under Trog
 15803 | Lair:5   | Reached XP level 14. HP: 132/132 MP: 13/13
 16046 | Lair:5   | Found an ornate altar of the Wu Jian Council.
 17082 | D:12     | Noticed Jorgrun
 17094 | D:12     | Killed Jorgrun
 17784 | D:12     | Noticed Nessos
 17792 | D:12     | Killed Nessos
 17920 | D:12     | Found a staircase to the Orcish Mines.
 18077 | D:12     | Found a runed translucent gate.
 18192 | D:12     | Found a runed translucent gate.
 18193 | D:12     | Found a runed translucent gate.
 18200 | D:12     | Noticed IdlyInterested's ghost (journeyman DsSh)
 18282 | D:12     | Reached skill level 5 in Throwing
 18802 | D:12     | Killed IdlyInterested's ghost
 18904 | Orc:1    | Entered Level 1 of the Orcish Mines
 18967 | Orc:1    | Noticed an orc warlord
 19018 | Orc:1    | Killed an orc warlord
 19389 | Orc:2    | Entered Level 2 of the Orcish Mines
 20516 | Orc:2    | Found a staircase to the Elven Halls.
 21245 | Orc:2    | Found Reppa's Distillery.
 21245 | Orc:2    | Found Omohaun's Weapon Emporium.
 21247 | Orc:2    | Found Itapol's General Store.
 21247 | Orc:2    | Found Qigowun's Book Boutique.
 21256 | Orc:2    | Bought a potion of heal wounds for 65 gold pieces
 21256 | Orc:2    | Bought a potion of enlightenment for 65 gold pieces
 21256 | Orc:2    | Bought a scroll of fog for 52 gold pieces
 21259 | Orc:2    | Bought a potion of mutation for 128 gold pieces
 21259 | Orc:2    | Bought 2 potions of curing for 96 gold pieces
 21259 | Orc:2    | Bought a potion of mutation for 128 gold pieces
 21259 | Orc:2    | Bought a potion of might for 64 gold pieces
 21259 | Orc:2    | Bought a potion of mutation for 128 gold pieces
 22254 | D:14     | Noticed Urug
 22254 | D:14     | Found a gate to the Vaults.
 22260 | D:14     | Reached skill level 15 in Fighting
 22266 | D:14     | Killed Urug
 22267 | D:14     | Reached XP level 15. HP: 127/141 MP: 14/14
 22492 | D:13     | Reached skill level 19 in Axes
 22753 | D:14     | Found a hide-covered altar of Uskayaw.
 22901 | D:15     | Entered Level 15 of the Dungeon
 22986 | D:15     | Found a frozen archway.
 22991 | IceCv    | Entered an ice cave
 23000 | IceCv    | Identified the +7 double sword of Propriety {heavy, rElec
                  | rCorr Str-2 Int-4} (Trog gifted it to you in an ice cave)
 23000 | IceCv    | Received a gift from Trog
 23937 | IceCv    | Identified the ring "Vieroac" {+Blink rPois rC++ Dex+6
                  | SInv}
 23943 | IceCv    | Identified the ring "Sefoew" {Ice rPois}
 26154 | D:15     | Reached skill level 15 in Ranged Weapons
 26478 | D:15     | Received a gift from Trog
 26487 | D:15     | Found a staircase to the Depths.
 26663 | Elf:1    | Entered Level 1 of the Elven Halls
 27308 | Elf:1    | Reached skill level 20 in Axes
 27544 | Elf:1    | Acquired the ring "Nahovin" {Fly rC++ Int-2 Dex+2 Slay+2}
 27823 | Elf:1    | Reached XP level 16. HP: 151/151 MP: 15/15
 28072 | Abyss:2  | Cast into level 2 of the Abyss (a deep elf demonologist)
 28128 | Abyss:2  | Noticed a bone dragon
 28143 | Abyss:2  | Killed a bone dragon
 28268 | Abyss:2  | Found a corrupted altar of Lugonu.
 28269 | Abyss:2  | Found a corrupted altar of Lugonu.
 28269 | Abyss:2  | Found a corrupted altar of Lugonu.
 28309 | Abyss:2  | Found a corrupted altar of Lugonu.
 28315 | Elf:1    | Escaped the Abyss
 28377 | Elf:1    | Paralysed by an air elemental for 1 turns
 28555 | Elf:1    | Paralysed by an air elemental for 1 turns
 29170 | Elf:2    | HP: 2/152 [deep elf zephyrmancer/bolt of lightning (28)]
 29325 | Elf:2    | Reached skill level 21 in Axes
 29326 | Elf:2    | Noticed a sphinx
 29327 | Elf:2    | Noticed a sphinx
 29353 | Elf:2    | Killed a sphinx
 29358 | Elf:1    | Killed a sphinx
 30428 | Elf:2    | Found a runed translucent gate.
 30428 | Elf:2    | Found a runed translucent gate.
 30428 | Elf:2    | Found a runed translucent gate.
 30942 | Elf:3    | Entered Level 3 of the Elven Halls
 30958 | Elf:3    | Reached skill level 10 in Evocations
 31039 | Elf:2    | Found a radiant altar of Vehumet.
 31411 | Elf:3    | Found Boge's Magic Scroll Shop.
 31414 | Elf:3    | Bought a scroll of identify for 36 gold pieces
 31414 | Elf:3    | Bought a scroll of identify for 36 gold pieces
 31414 | Elf:3    | Bought a scroll of revelation for 135 gold pieces
 31414 | Elf:3    | Bought a scroll of identify for 36 gold pieces
 31414 | Elf:3    | Bought a scroll of brand weapon for 171 gold pieces
 31710 | Elf:3    | Reached XP level 17. HP: 138/151 MP: 16/16
 32645 | Elf:3    | Noticed a Tzitzimitl
 35468 | Elf:3    | Identified the ring of Haeh {Wiz rC- MP+9 Int+5}
 35494 | Elf:3    | Reached skill level 22 in Axes
 35699 | Elf:3    | Noticed a deep elf blademaster
 35702 | Elf:3    | Identified the +3 shortbow of Pyiris {heavy, rElec rCorr
                  | Str+3 Stlth+}
 35711 | Elf:3    | Noticed a deep elf master archer
 35713 | Elf:3    | Killed a deep elf blademaster
 36203 | Elf:3    | Noticed a deep elf blademaster
 36208 | Elf:3    | Noticed a deep elf master archer
 36215 | Elf:3    | Killed a deep elf blademaster
 36220 | Elf:3    | Killed a deep elf master archer
 36428 | Elf:3    | Noticed a deep elf master archer
 36434 | Elf:3    | Killed a deep elf master archer
 36739 | Elf:3    | Noticed a deep elf blademaster
 36833 | Elf:3    | Killed a deep elf blademaster
 36898 | Elf:3    | Killed a deep elf master archer
 37258 | Elf:3    | Identified the +2 ring mail "Wafe" {rElec Str+2 Dex-4}
 37259 | Elf:3    | Identified the +2 falchion of Xom's Scorn {spect, Will-
                  | rCorr Int+6}
 37601 | Snake:1  | Entered Level 1 of the Snake Pit
 37752 | D:7      | Killed wally255's ghost
 43410 | Snake:3  | Noticed Mara
 43417 | Snake:3  | Identified the serpent talisman of Arixtib {Slay+5}
 43417 | Snake:3  | Noticed Aizul
 43450 | Snake:3  | Killed Mara
 43451 | Snake:3  | Reached XP level 18. HP: 170/170 MP: 17/17
 43452 | Snake:3  | Killed Aizul
 45911 | Snake:4  | Entered Level 4 of the Snake Pit
 46817 | Snake:4  | Noticed Vashnia
 47317 | Snake:4  | Killed Vashnia
 48329 | Snake:4  | Noticed Vuushr Kima's ghost (adept DsNe)
 48338 | Snake:4  | Found a transporter.
 48538 | Snake:4  | Found a transporter.
 48666 | Snake:4  | Reached skill level 5 in Armour
 48666 | Snake:4  | Reached skill level 5 in Dodging
 50273 | Snake:4  | Reached skill level 23 in Axes
 52952 | Snake:4  | Got a serpentine rune of Zot
 55419 | Snake:4  | Killed Vuushr Kima's ghost
 55512 | Snake:4  | Identified the ring "Hadgh" {rF+ Str+7}
 55518 | Snake:4  | Identified the amulet "Oluqofoy" {Faith rCorr}
 55673 | Swamp:1  | Entered Level 1 of the Swamp
 60160 | Swamp:3  | Reached XP level 19. HP: 178/179 MP: 18/18
 60940 | Swamp:3  | Found a transporter.
 61736 | Swamp:3  | Noticed olddryhag's ghost (adept DsGl)
 61736 | Swamp:3  | Found a transporter.
 62170 | Swamp:3  | Found a bloodstained altar of Trog.
 62352 | Swamp:3  | Killed olddryhag's ghost
 62647 | Swamp:4  | Entered Level 4 of the Swamp
 63030 | Swamp:4  | Noticed Kirke
 63039 | Swamp:4  | Killed Kirke
 65242 | Swamp:4  | Reached skill level 24 in Axes
 65647 | Swamp:4  | Received a gift from Trog
 65777 | Swamp:4  | Reached skill level 1 in Stealth
 66624 | Swamp:4  | Got a decaying rune of Zot
 66932 | Vaults:1 | Entered Level 1 of the Vaults
 67383 | Vaults:1 | Found Poifaimm's Antique Armour Emporium.
 67827 | Vaults:1 | Reached XP level 20. HP: 191/191 MP: 19/19
 68216 | Vaults:1 | Received a gift from Trog
 68279 | Vaults:1 | Reached skill level 10 in Armour
 69612 | Vaults:2 | Gained mutation: You are vulnerable to heat. (rF-) [potion
                  | of mutation]
 69612 | Vaults:2 | Gained mutation: Your muscles are strong. (Str +4, Int/Dex
                  | -1) [potion of mutation]
 69613 | Vaults:2 | Lost mutation: Your muscles are strong. (Str +4, Int/Dex
                  | -1) [potion of mutation]
 69613 | Vaults:2 | Lost mutation: You are vulnerable to heat. (rF-) [potion of
                  | mutation]
 69613 | Vaults:2 | Gained mutation: Your body sometimes deteriorates upon
                  | taking damage. [potion of mutation]
 69613 | Vaults:2 | Gained mutation: Your spells are a little harder to cast,
                  | but a little more powerful. [potion of mutation]
 69614 | Vaults:2 | Lost mutation: Your spells are a little harder to cast, but
                  | a little more powerful. [potion of mutation]
 69614 | Vaults:2 | Lost mutation: Your body sometimes deteriorates upon taking
                  | damage. [potion of mutation]
 69614 | Vaults:2 | Gained mutation: You are frail. (-10% HP) [potion of
                  | mutation]
 69614 | Vaults:2 | Gained mutation: A frigid envelope surrounds you and
                  | freezes all who hurt you. [potion of mutation]
 69614 | Vaults:2 | Gained mutation: You are strong-willed. (Will+) [potion of
                  | mutation]
 69614 | Vaults:2 | Gained mutation: You have a pair of large horns on your
                  | head. [potion of mutation]
 69615 | Vaults:2 | Lost mutation: You have a pair of large horns on your head.
                  | [potion of mutation]
 69615 | Vaults:2 | Lost mutation: You are frail. (-10% HP) [potion of
                  | mutation]
 69615 | Vaults:2 | Gained mutation: You are weak. (Str -2) [potion of
                  | mutation]
 69615 | Vaults:2 | Lost mutation: You are strong-willed. (Will+) [potion of
                  | mutation]
 69615 | Vaults:2 | Gained mutation: You are very weak. (Str -4) [potion of
                  | mutation]
 69616 | Vaults:2 | Lost mutation: A frigid envelope surrounds you and freezes
                  | all who hurt you. [potion of mutation]
 69616 | Vaults:2 | Lost mutation: You are very weak. (Str -4) [potion of
                  | mutation]
 69616 | Vaults:2 | Gained mutation: Your magical capacity is low. (-10% MP)
                  | [potion of mutation]
 69616 | Vaults:2 | Gained mutation: Your mind is acute. (Int +4, Str/Dex -1)
                  | [potion of mutation]
 69617 | Vaults:2 | Lost mutation: Your mind is acute. (Int +4, Str/Dex -1)
                  | [potion of mutation]
 69617 | Vaults:2 | Lost mutation: Your magical capacity is low. (-10% MP)
                  | [potion of mutation]
 69617 | Vaults:2 | Lost mutation: You are weak. (Str -2) [potion of mutation]
 69617 | Vaults:2 | Gained mutation: You have an increased reservoir of magic.
                  | (+10% MP) [potion of mutation]
 69618 | Vaults:2 | Lost mutation: You have an increased reservoir of magic.
                  | (+10% MP) [potion of mutation]
 69618 | Vaults:2 | Gained mutation: You are vulnerable to cold. (rC-) [potion
                  | of mutation]
 69618 | Vaults:2 | Gained mutation: You do not regenerate when monsters are
                  | visible. [potion of mutation]
 69619 | Vaults:2 | Lost mutation: You are vulnerable to cold. (rC-) [potion of
                  | mutation]
 69619 | Vaults:2 | Lost mutation: You do not regenerate when monsters are
                  | visible. [potion of mutation]
 69619 | Vaults:2 | Gained mutation: Your body sometimes deteriorates upon
                  | taking damage. [potion of mutation]
 69619 | Vaults:2 | Gained mutation: You are strong-willed. (Will+) [potion of
                  | mutation]
 69619 | Vaults:2 | Gained mutation: You are highly strong-willed. (Will++)
                  | [potion of mutation]
 69619 | Vaults:2 | Gained mutation: You have a pair of large horns on your
                  | head. [potion of mutation]
 69693 | Vaults:2 | Found Madotz's Weapon Emporium.
 69976 | Vaults:2 | Paralysed by a formless jellyfish for 1 turns
 70617 | Vaults:2 | Reached skill level 5 in Stealth
 71398 | Vaults:2 | Received a gift from Trog
 71399 | Vaults:2 | Reached skill level 10 in Dodging
 71458 | Vaults:2 | Identified the +2 pair of gloves "Woren" {rF+ rC- Dex+3}
 71458 | Vaults:2 | Noticed Nikola
 71473 | Vaults:2 | Killed Nikola
 71569 | Vaults:2 | Found a staircase to the Crypt.
 72853 | Vaults:3 | Received a gift from Trog
 73100 | Vaults:3 | Reached XP level 21. HP: 199/201 MP: 20/20
 73129 | Vaults:3 | Reached ****** piety under Trog
 74869 | Vaults:4 | Received a gift from Trog
 74930 | Vaults:4 | Reached skill level 15 in Armour
 75966 | Depths:1 | Entered Level 1 of the Depths
 76392 | Depths:1 | Found a gateway to Hell.
 76794 | Depths:1 | Found the +9 scales of the Dragon King {rPois rF+ rC+
                  | Will+}
 77218 | Hell     | Entered the Vestibule of Hell
 77218 | Hell     | Noticed Geryon
 77231 | Depths:1 | Received a gift from Trog
 77880 | Depths:2 | Found a stormy altar of Qazlal.
 77897 | Depths:2 | Noticed a juggernaut
 77907 | Depths:2 | Killed a juggernaut
 77977 | Depths:2 | Noticed a juggernaut
 77985 | Depths:2 | Reached XP level 22. HP: 147/212 MP: 21/21
 78105 | Depths:2 | Noticed a juggernaut
 78113 | Depths:2 | Killed a juggernaut
 78145 | Depths:2 | Found a one-way gate leading to the halls of Pandemonium.
 78210 | Depths:2 | Killed a juggernaut
 78646 | Depths:2 | Identified the +1 mace of Mowaek {heavy, rPois rF++ Str+2
                  | Stlth+}
 78847 | Depths:2 | Noticed a caustic shrike
 78856 | Depths:2 | Noticed a golden dragon
 78857 | Depths:2 | Identified the ring of Melee {Fire Str-4 Int+3 Dex+2}
 78872 | Depths:2 | Found a one-way gate to the infinite horrors of the Abyss.
 78872 | Depths:2 | Found a transporter.
 78964 | Depths:2 | Found a transporter.
 79004 | Depths:2 | Noticed a juggernaut
 79077 | Depths:2 | Found Pimonk's One-of-a-Kind Books.
 79304 | Depths:2 | Identified the +1 plate armour of the Treeataur {+Inv rElec
                  | Will+}
 79381 | Depths:3 | Received a gift from Trog
 79598 | Depths:3 | Noticed a golden dragon
 79603 | Depths:3 | Killed a golden dragon
 80490 | Depths:3 | Found a runed translucent door.
 80494 | Depths:3 | Found a radiant altar of Vehumet.
 80494 | Depths:3 | Noticed an ancient lich
 80750 | Depths:3 | Received a gift from Trog
 80775 | Depths:3 | Noticed a golden dragon
 80784 | Depths:3 | Killed a golden dragon
 80866 | Depths:3 | Noticed a golden dragon
 80876 | Depths:3 | Killed a golden dragon
 81310 | Depths:4 | Entered Level 4 of the Depths
 81610 | Depths:4 | Mangled by a spriggan berserker

Illustrated notes

Levels and vault maps discovered:
D:1:      lemuel_arrival_behind_the_door_large, layout_loops_ring,
          nicolae_concentric_dashed_squares_wild
D:2:      layout_rooms, minmay_heptomino_h4
D:3:      layout_basic, grunt_ministairs_7, guppyfry_early_lair_pool,
          uniq_terence
D:4:      layout_basic
D:5:      layout_rooms, serial_bayou, serial_bayou_pond_d, serial_bayou_pond_d,
          serial_bayou_shore_a, serial_bayou_shore_b, serial_bayou_crossing,
          serial_bayou_pond_a, serial_shops, shop, hangedman_decor_growths,
          amethyst_killhole
D:6:      layout_loops_ring, lemuel_temple_firewalk_b, uniq_duvessa
D:7:      layout_gridville, enter_bailey_5, ebering_ghost_inner_flame
D:8:      layout_loops_corners, nicolae_overflow_two_pavilions,
          yredelemnul_altar_generic, minmay_tree_intersection, hex_tiny,
          dk_noncrumbling_4
D:9:      layout_basic, uniq_erica, uniq_pikel, uniq_maurice, uniq_grum
D:10:     layout_gridville, hellmonk_lair_entry_icy, serial_shops,
          nicolae_square_shop, uniq_erolcha
D:11:     layout_basic, corexii_mini_fake_secret_closet,
          nicolae_figureground_pulse
D:12:     layout_layer_cave, david_orc_3, biasface_ghost_orc_armoury,
          minivault_16, uniq_nessos, uniq_jorgrun
D:13:     layout_gridville
D:14:     layout_cross, david_vaults_3, nicolae_uskayaw_suspiria
D:15:     gammafunk_enter_depths_forms, layout_basic,
          serial_library_hellmonk_reading_circle,
          portal_ice_cave_entry_pillars_1, hangedman_abyss_or_decor_clamps,
          patterned_corridor
Lair:1:   layout_cave_pods, minivault_27, lemuel_fruit_tree
Lair:2:   statuecave_lemuel, layout_gridlike, skrybe_swamp_entry_bodies,
          alex1729_snake_entry_snake, ebering_ghost_reflecting_pool,
          serial_bayou_shore_b
Lair:3:   layout_misc_corridors
Lair:4:   layout_small_grid, infiniplex_staircase_pool, lemuel_fruit_fields
Lair:5:   minmay_lair_end_frog_pond, layout_cave_pods, slime_entry_1,
          basic_altar
Swamp:1:  layout_basic_swamp, serial_swamp_ruin, evilmike_swamp_ruin_house_2,
          evilmike_swamp_ruin_rubble_1, evilmike_swamp_ruin_rubble_2,
          swamp_pool_5, nicolae_swamp_little_tower
Swamp:2:  layout_basic_swamp, evilmike_swamp_ruin_house_1
Swamp:3:  layout_basic_swamp, gammafunk_ghost_wrathful_warriors,
          evilmike_swamp_ruin_house_4, swamp_pool_3
Swamp:4:  nzn_swamp_witches_coven, layout_basic_swamp, swamp_pool_1_2,
          uniq_kirke
Snake:1:  layout_chambers
Snake:2:  layout_concentric_octagons
Snake:3:  layout_cave_town, hangedman_snake_pattern, uniq_aizul, uniq_mara
Snake:4:  grunt_snake_rune_spirals, layout_onion,
          gammafunk_ghost_berserking_beasts, nicolae_snake_squiggles,
          uniq_vashnia
Orc:1:    layout_caves, basic_altar
Orc:2:    grunt_orc_tribal_feast, layout_diamond_mine, basic_altar
Elf:1:    elf_arrival_001, layout_gridlike, hangedman_elf_represent
Elf:2:    nicolae_elf_blades_splatter_lattice [nicolae_blade_bullseye],
          layout_rooms, special_room [special_room_mythical_zoo], hex_large,
          lemuel_upstairs_altar
Elf:3:    minmay_elf_hall_statues, layout_geoelf_octagon, serial_shops,
          nicolae_shop_tiny_real_fake_doors, hangedman_elf_disciples
Vaults:1: nicolae_vaults_storage_closets_3, vaults_mumra_minichess,
          nicolae_vaults_trapezoid_lopsided_2, nicolae_vaults_tetromino_T_2,
          v_alt_pattern_2, dpeg_vaults_monster_box, nicolae_vaults_prndl,
          vaults_mumra_minichess_inversion, v_rooms_2, vaults_dpeg_diagonal,
          vaults_room_semicircle, layout_vaults_omnicross, serial_shops,
          nicolae_shop_hallway_stairs
Vaults:2: v_pattern_5, v_misc_27, v_misc_16, nicolae_vaults_triangles,
          hangedman_vaults_pinch, hangedman_vaults_nails,
          minmay_crypt_entry_simple_statues,
          nicolae_vaults_taking_the_gang_shopping, layout_vaults_chaotic_city,
          uniq_nikola
Vaults:3: v_pattern_4, nicolae_vaults_gold_heap,
          nicolae_vaults_doubleplus_tesselated, hangedman_vaults_slice,
          vaults_dpeg_ring, layout_vaults_quadrants
Vaults:4: grunt_vaults_twisty, vaults_standard_mumra_lines,
          nicolae_vaults_offset_grid_hallway_1, v_rooms_4,
          vaults_dpeg_encased_lava, nicolae_vaults_display_case,
          nicolae_vaults_frosty_reception, hangedman_vaults_river_flow,
          hangedman_vaults_hat, nicolae_vaults_little_squares_4,
          layout_vaults_maze_bifur
Depths:1: layout_basic, hell_entry, serial_sigils_hangedman_gut,
          hangedman_decor_points, dispersion_dpeg
Depths:2: gammafunk_the_bubble [the_bubble_gammafunk_split], layout_gridville,
          nicolae_qazlal_style_of_elements, abyss_entry,
          grunt_hell_entry_dis_grunt, pan_entry, nicolae_rare_books,
          minmay_crystal_room, minmay_misc_feat_doors, minmay_swirly_circle
Depths:3: evilmike_pillar_path, layout_cave_shapes, rand_demon_pan_entry_4,
          abyss_entry, chequers_serial_rivers_marsh, hell_entry,
          reono_crystal_passage, grunt_ministairs_10,
          grunt_absolute_annihilation
Depths:4: grunt_x_marks_the_spot, layout_cave_shapes, enter_ziggurat_b,
          grunt_metal_band
Hell

Skill      XL: |  1  2  3  4  5  6  7  8  9 10 11 12 13 14 15 16 17 18 19 20 21 22 |
---------------+-------------------------------------------------------------------+-----
Axes           | 4 5 6 7 8 10 12 14 16 17 18 20 21 22 23 24 | 24.0
Ranged Weapons | 1 2 3 4 6 7 9 10 11 12 13 15 17 18 19 20 | 20.0
Fighting       | 4 5 6 7 9 10 11 12 14 15 16 17 18 19 20 21 | 21.9
Long Blades    | 1 5 |  5.7
Evocations     | 2 4 6 7 9 10 | 10.4
Shields        | 3 6 8 9 |  9.3
Throwing       | 4 5 6 8 9 |  9.3
Dodging        | 4 6 8 10 12 13 | 13.8
Armour         | 4 6 9 13 16 18 | 18.8
Stealth        | 3 6 8 9 |  9.9

Action                     |  1- 3 |  4- 6 |  7- 9 | 10-12 | 13-15 | 16-18 | 19-21 | 22-24 || total
---------------------------+-------+-------+-------+-------+-------+-------+-------+-------++-------
  Melee: Hand axe          |    78 |    34 |       |       |       |       |       |       ||   112
         Headbutt          |    12 |     7 |    34 |    70 |   135 |    67 |   111 |    62 ||   498
         Flail             |       |    39 |       |     8 |       |       |       |       ||    47
         Battleaxe         |       |    17 |   176 |       |       |       |       |       ||   193
         Broad axe         |       |       |    18 |   370 |   408 |       |       |       ||   796
         Punch             |       |       |       |     1 |       |       |       |       ||     1
         Executioner's axe |       |       |       |       |   258 |   337 |   445 |   196 ||  1236
         Dire flail        |       |       |       |       |     7 |       |       |       ||     7
   Fire: Sling             |       |       |     3 |    58 |    72 |       |       |       ||   133
         Longbow           |       |       |       |       |   289 |   186 |       |       ||   475
         Arbalest          |       |       |       |       |       |   425 |   682 |   165 ||  1272
  Throw: Dart              |       |       |    13 |     3 |     6 |       |       |       ||    22
         Boomerang         |       |       |    43 |    11 |    36 |    23 |     5 |       ||   118
 Invoke: Berserk           |     1 |     2 |     8 |    13 |    13 |    17 |     8 |     4 ||    66
         Trog's Hand       |     1 |     2 |     6 |    19 |    20 |    41 |    15 |     2 ||   106
         Brothers in Arms  |       |       |       |       |     2 |       |       |       ||     2
  Evoke: Wand              |       |       |       |     8 |     9 |     9 |       |     2 ||    28
         Tin of tremorston |       |       |       |       |     5 |     2 |     3 |       ||    10
    Use: Scroll            |       |       |    10 |    14 |    10 |    18 |     6 |     3 ||    61
         Potion            |       |       |       |       |     2 |     3 |    10 |       ||    15
   Stab: Sleeping          |     3 |       |       |       |       |       |       |       ||     3
         Paralysed         |       |       |       |     1 |     6 |       |       |       ||     7
         Invisible         |       |       |       |       |       |     1 |       |       ||     1
         Distracted        |       |       |       |       |       |       |       |     1 ||     1
 Armour: Animal skin       |    42 |     2 |       |       |       |       |       |       ||    44
         Ring mail         |       |    67 |    14 |       |       |       |       |       ||    81
         Leather armour    |       |       |    95 |       |       |       |       |       ||    95
         Plate armour      |       |       |    49 |   381 |    70 |   615 |   467 |       ||  1582
         Chain mail        |       |       |       |       |   539 |       |       |       ||   539
         Gold dragon scale |       |       |       |       |       |       |   165 |   273 ||   438
  Dodge: Dodged            |    57 |    74 |    86 |   103 |   261 |   206 |   322 |   121 ||  1230
         Repelled          |       |       |       |       |     7 |    24 |    15 |     8 ||    54
  Block: Buckler           |       |     3 |       |       |       |       |       |       ||     3
         Kite shield       |       |       |       |   106 |   175 |       |       |       ||   281
         Other             |       |       |       |       |       |    36 |    10 |       ||    46
         Reflection        |       |       |       |       |       |    13 |       |       ||    13

Table legend: (Time is in decaauts)
 A = Elapsed time spent in this place.
 B = Non-inter-level travel time spent in this place.
 C = Inter-level travel time spent in this place.
 D = Time resting spent in this place.
 E = Time spent auto-exploring this place.
 F = Levels seen in this place.
 G = Mean time per level.
                   A        B        C        D        E       F      G
               +--------+--------+--------+--------+--------+-----+--------+
         Total |  82377 |  79754 |   2623 |  44251 |  24110 |  45 | 1830.6 |
       Dungeon |  15218 |  14166 |   1052 |   2524 |   9053 |  15 | 1014.5 |
          Lair |   6580 |   5910 |    670 |   1213 |   3432 |   5 | 1316.0 |
         Swamp |  11248 |  11068 |    180 |   8682 |   1620 |   4 | 2812.0 |
     Snake Pit |  17839 |  17621 |    218 |  13979 |   2172 |   4 | 4459.8 |
  Orcish Mines |   2529 |   2444 |     85 |   1453 |    581 |   2 | 1264.5 |
   Elven Halls |  10642 |  10509 |    133 |   7302 |   1349 |   3 | 3547.3 |
        Vaults |   8971 |   8792 |    179 |   4182 |   3326 |   4 | 2242.8 |
        Depths |   5688 |   5585 |    103 |   2540 |   2224 |   4 | 1422.0 |
          Hell |     23 |     23 |      0 |      0 |      0 |   1 |   23.0 |
         Abyss |    236 |    236 |      0 |     54 |      0 |   1 |  236.0 |
        Bailey |    602 |    602 |      0 |    163 |     48 |   1 |  602.0 |
      Ice Cave |   2796 |   2796 |      0 |   2155 |    304 |   1 | 2796.0 |
               +--------+--------+--------+--------+--------+-----+--------+

Top non-repeatable levels by time:
 Snake:4: 9476 daAuts
   Elf:3: 5972 daAuts
 Swamp:4: 4219 daAuts
 Snake:3: 4008 daAuts
 Swamp:1: 3693 daAuts
Vaults:2: 3028 daAuts
   IceCv: 2796 daAuts
   Elf:1: 2618 daAuts
 Snake:1: 2497 daAuts
 Swamp:3: 2392 daAuts
Vaults:3: 2113 daAuts
   Elf:2: 2050 daAuts
   Orc:2: 2021 daAuts
Vaults:1: 1950 daAuts
Depths:2: 1912 daAuts
